 Dungeon Sprint DCSS version 0.29-a0-577-gafbf2c5d25 (webtiles) character file.

Game seed: 960516474249093383

1641 mhtbhm the Grappler (level 8, -5/86 HPs)
             Began as a Troll Transmuter on June 13, 2022.
             Was an Initiate of Gozag.
             Slain by a redback (12 damage)
             ... in the Dungeon (Sprint III: "The Ten Rune Challenge").
             The game lasted 00:03:49 (1505 turns).

mhtbhm the Grappler (Troll Transmuter)              Turns: 1505, Time: 00:03:50

Health: -5/86      AC:  6    Str: 23    XL:     8   Next: 66%
Magic:  12/16      EV: 10    Int:  9    God:    Gozag
Gold:   179        SH:  0    Dex: 10    Spells: 9/19 levels left

rFire   x . .      SeeInvis .     - Unarmed
rCold   + + +      Faith    .   (shield currently unavailable)
rNeg    . . .      Spirit   .   (body armour currently unavailable)
rPois   +          Reflect  .   (helmet currently unavailable)
rElec   .          Harm     .   (cloak currently unavailable)
rCorr   .          Rampage  .   (gloves unavailable)
Will    .....      NoTele   +   (boots unavailable)
Stlth   ++........              (no amulet)
HPRegen 1.04/turn               (no ring)
MPRegen 0.15/turn               (no ring)

@: mighty, brilliant, ice-form, gold aura
A: freezing attack, amphibious, boosted hp, large, unfitting armour, (claws 3),
regeneration 1, (shaggy fur 1), (tough skin 1), strong 1
a: End Transformation, Renounce Religion, Potion Petition, Call Merchant, Bribe
Branch


You were in the Dungeon.
You worshipped Gozag.
Gozag was aware of your devotion.
You were a creature of crystalline ice.
You visited 1 branch You collected 403 gold pieces.
You paid 224 gold pieces to Gozag.

Inventory:

Armour
 a - a +0 robe (melded)
Wands
 d - a wand of mindburst (9)
Scrolls
 g - a scroll of torment {unknown}
 i - 3 scrolls of identify
 k - a scroll of immolation {unknown}
Potions
 b - a potion of might
 f - 2 potions of magic
 j - a potion of ambrosia {unknown}
 l - 2 potions of flight
 m - 5 potions of mutation
Miscellaneous
 e - a tin of tremorstones (2/2)


   Skills:
 + Level 2.0 Fighting
 + Level 4.4 Dodging
 + Level 3.0 Stealth
 + Level 11.8 Unarmed Combat
 + Level 6.1 Spellcasting
 + Level 7.5 Transmutations
 + Level 1.3 Ice Magic
 + Level 2.0 Poison Magic


You had 9 spell levels left.
You knew the following spells:

 Your Spells              Type           Power      Damage    Failure   Level
a - Beastly Appendage     Tmut           48%        N/A       1%          1
b - Wereblood             Tmut           24%        N/A       1%          2
c - Spider Form           Tmut/Pois      17%        N/A       9%          3
d - Ice Form              Ice/Tmut       16%        N/A       34%         4

Your spell library contained the following spells:

 Spells                   Type           Power      Damage    Failure   Level
 Blink                    Tloc           8%         N/A       32%         2
 Lesser Beckoning         Tloc           4%         N/A       54%         3
 Manifold Assault         Tloc           4%         N/A       99%         5


Dungeon Overview and Level Annotations

Branches:
Dungeon (1/1)

Altars:
Cheibriados
Dithmenos
Elyvilon
Fedhas
Gozag
Hepliaklqana
Kikubaaqudgha
Makhleb
Nemelex Xobeh
Okawaru
Qazlal
Ru
Sif Muna
Trog
Uskayaw
Vehumet
Wu Jian
Xom
Yredelemnul
Zin
The Shining One
Beogh
Jiyva
Lugonu

Annotations:
D Erolcha


Innate Abilities, Weirdness & Mutations

You are a creature of crystalline ice.
You have a powerful freezing melee attack.
You are amphibious.
Your maximum health is increased.
Your armour is entirely melded.
You are incapable of wielding weapons or throwing items.
You are too large for most types of armour.
((You have claws for hands.))
Your natural rate of healing is unusually fast.
((You are covered in fur. (AC +1)))
((You have tough skin. (AC +1)))
Your muscles are strong. (Str +2)


Message History

You howl as the wereblood boils in your veins!
Your primal bloodlust is almost over.
The redback bites you but does no damage.
You closely miss the redback.
The redback bites you but does no damage.
You punch the redback! You freeze the redback.
The redback is severely wounded.
The redback bites you!
You hit the redback. You freeze the redback.
The redback is almost dead.
The redback bites you!
* * * LOW HITPOINT WARNING * * *
Unknown command.
You closely miss the redback.
The redback is almost dead.
The redback bites you.
* * * LOW HITPOINT WARNING * * *
The redback bites you!
* * * LOW HITPOINT WARNING * * *
Unknown command.
You feel better. The redback bites you!
* * * LOW HITPOINT WARNING * * *
Unknown command.
You completely miss the redback.
The redback is severely wounded.
You howl as the wereblood boils in your veins!
The redback bites you.
* * * LOW HITPOINT WARNING * * *
Unknown command.
Okay, then. [a] - 224 gold - might and brilliance [b] - 540 gold - haste, heal wounds, invisibility and might [c] - 567 gold - heal wounds, curing, berserk rage and magic Purchase which effect?
You no longer have enough gold to petition Gozag for potion effects.
You feel very mighty all of a sudden.
You feel clever all of a sudden.
Your primal bloodlust has ended.
The redback bites you!
You die...
Your body crumbles into a pile of gold.

__# $$ $$ $$ ÷_#$ $ )##
$ $ ..#$ $ ..# $$ $ $ $
#'# $ $$ $ $
..#+##############
..#....#.#.#.....#
..##.#..#.##)###Y#
..'##.#.#.##.#Os##
..#...#..#..##.O'...s..
▓▓▓▓▓▓▓▓▓▓▓▓▓▓▓▓#s^.^..
...O.. ^.... ^.... ####


You could see a two-headed ogre, Erolcha and a redback.

Vanquished Creatures
  A deep elf pyromancer (D)
  A shadow (D)
  A spatial vortex (D)
  3 two-headed ogres (D)
  A necrophage (D)
  A water elemental (D)
  A jelly (D)
  A wizard (D)
  A necromancer (D)
  3 humans (D)
  A kobold demonologist (D)
  A phantom (D)
  An endoplasm (D)
  3 rats (D)
20 creatures vanquished.

Notes
Turn   | Place    | Note
-------+----------+-------------------------------------------
     0 | D        | mhtbhm the Troll Transmuter began the quest for the Orb.
     0 | D        | Reached XP level 1. HP: 18/18 MP: 1/1
   180 | D        | Reached skill level 4 in Unarmed Combat
   220 | D        | Reached skill level 5 in Unarmed Combat
   220 | D        | Reached XP level 2. HP: 26/26 MP: 0/3
   394 | D        | Learned a level 2 spell: Wereblood
   470 | D        | Gained mutation: Your muscles are strong. (Str +2) [potion
                  | of mutation]
   470 | D        | Lost mutation: Your muscles are strong. (Str +2) [potion of
                  | mutation]
   470 | D        | Gained mutation: Your muscles are strong. (Str +2) [potion
                  | of mutation]
   472 | D        | Noticed a water elemental
   476 | D        | Killed a water elemental
   477 | D        | Reached skill level 6 in Unarmed Combat
   477 | D        | Reached XP level 3. HP: 32/32 MP: 3/5
   477 | D        | Reached XP level 4. HP: 40/40 MP: 3/6
   662 | D        | Learned a level 3 spell: Spider Form
   674 | D        | Found a radiant altar of Vehumet.
   674 | D        | Found a shimmering blue altar of Sif Muna.
   674 | D        | Found an ancient bone altar of Kikubaaqudgha.
   674 | D        | Noticed a wizard
   680 | D        | Killed a wizard
   681 | D        | Reached skill level 7 in Unarmed Combat
   786 | D        | Found a glowing silver altar of Zin.
   786 | D        | Found a glowing golden altar of the Shining One.
   786 | D        | Found a white marble altar of Elyvilon.
   787 | D        | Noticed a deep elf pyromancer
   795 | D        | Killed a deep elf pyromancer
   796 | D        | Reached skill level 10 in Unarmed Combat
   796 | D        | Reached skill level 5 in Transmutations
   796 | D        | Reached skill level 1 in Poison Magic
   796 | D        | Reached XP level 5. HP: 46/46 MP: 3/11
   796 | D        | Reached XP level 6. HP: 54/54 MP: 3/12
   796 | D        | Reached XP level 7. HP: 61/61 MP: 3/13
   885 | D        | Learned a level 4 spell: Ice Form
  1049 | D        | Found a basalt altar of Yredelemnul.
  1049 | D        | Found a shadowy altar of Dithmenos.
  1049 | D        | Found a sacrificial altar of Ru.
  1059 | D        | Reached skill level 5 in Spellcasting
  1063 | D        | Found a hide-covered altar of Uskayaw.
  1063 | D        | Found an iron altar of Okawaru.
  1063 | D        | Found a bloodstained altar of Trog.
  1063 | D        | Found an ornate altar of the Wu Jian Council.
  1063 | D        | Noticed a human
  1064 | D        | Noticed a human
  1066 | D        | Killed a human
  1067 | D        | Reached skill level 1 in Fighting
  1072 | D        | Killed a human
  1290 | D        | Noticed a shadow
  1295 | D        | Killed a shadow
  1296 | D        | Reached skill level 11 in Unarmed Combat
  1296 | D        | Reached XP level 8. HP: 70/70 MP: 9/15
  1302 | D        | Found a blossoming altar of Fedhas.
  1302 | D        | Found a stormy altar of Qazlal.
  1302 | D        | Found a snail-covered altar of Cheibriados.
  1302 | D        | Found a burning altar of Makhleb.
  1302 | D        | Found a shimmering altar of Xom.
  1304 | D        | Found a hazy altar of Hepliaklqana.
  1304 | D        | Found an opulent altar of Gozag.
  1304 | D        | Found a sparkling altar of Nemelex Xobeh.
  1304 | D        | Found a corrupted altar of Lugonu.
  1304 | D        | Found a viscous altar of Jiyva.
  1337 | D        | Became a worshipper of Gozag Ym Sagoz the Greedy
  1344 | D        | Reached skill level 1 in Ice Magic
  1483 | D        | Noticed a two-headed ogre
  1487 | D        | Killed a two-headed ogre
  1493 | D        | Noticed a two-headed ogre
  1493 | D        | Noticed Erolcha
  1505 | D        | Slain by a redback

Illustrated notes

Levels and vault maps discovered:
D:        dungeon_sprint_mu [sprint_mu_entry_cave, sprint_mu_temple_rooms,
          sprint_mu_d1_spiders, sprint_mu_d2_genie, sprint_mu_d3_branching,
          sprint_mu_orc_legion, sprint_mu_elf_gauntlet, sprint_mu_hive_nellie,
          sprint_mu_lair_fedhas, sprint_mu_vaults_butterflies,
          sprint_mu_slime_circle, sprint_mu_swamp_cave, sprint_mu_snake_twists,
          sprint_mu_blade_basic, sprint_mu_crypt_fortress,
          sprint_mu_tomb_spiral, sprint_mu_vestibule_basic,
          sprint_mu_gehenna_hellfire, sprint_mu_dis_giant,
          sprint_mu_tartarus_statrot, sprint_mu_cocytus_islands, sprint_mu_zot1]

Skill      XL: |  1  2  3  4  5  6  7  8 |
---------------+-------------------------+-----
Unarmed Combat | 5 6 10 11 | 11.8
Dodging        | 2 3 4 |  4.4
Transmutations | 2 5 6 7 |  7.5
Spellcasting   | 2 4 5 6 |  6.1
Stealth        | 2 3 |  3.0
Poison Magic   | 1 2 |  2.0
Fighting       | 1 2 |  2.0
Ice Magic      | 1 |  1.3

Action                   |  1- 3 |  4- 6 |  7- 9 || total
-------------------------+-------+-------+-------++-------
Melee: Unarmed           |    15 |    12 |    37 ||    64
       Headbutt          |     2 |       |       ||     2
       Punch             |     2 |       |       ||     2
 Cast: Beastly Appendage |     3 |       |       ||     3
       Wereblood         |     2 |     2 |     3 ||     7
       Spider Form       |       |     2 |       ||     2
       Ice Form          |       |       |     3 ||     3
Invok: Potion Petition   |       |       |     1 ||     1
  Use: Potion            |     3 |     1 |     4 ||     8
       Scroll            |       |       |     1 ||     1
 Stab: Sleeping          |       |       |     1 ||     1
Armor: Robe              |     3 |       |       ||     3
       Skin              |     1 |       |     5 ||     6
Dodge: Dodged            |     3 |     2 |    13 ||    18

Table legend: (Time is in decaauts)
 A = Elapsed time spent in this place.
 B = Non-inter-level travel time spent in this place.
 C = Inter-level travel time spent in this place.
 D = Time resting spent in this place.
 E = Time spent auto-exploring this place.
 F = Levels seen in this place.
 G = Mean time per level.
                   A        B        C        D        E       F      G
               +--------+--------+--------+--------+--------+-----+--------+
         Total |   1481 |   1481 |      0 |   1101 |     14 |   1 | 1481.0 |
       Dungeon |   1481 |   1481 |      0 |   1101 |     14 |   1 | 1481.0 |
               +--------+--------+--------+--------+--------+-----+--------+

Top non-repeatable levels by time:
       D: 1481 daAuts
